 Dungeon Crawl Stone Soup version 0.28-a0-1629-gf728b707aa (webtiles) character file.

Game seed: 166783041837969281

2459 Destapler the Shield-Bearer (level 9, -6/76 (79) HPs)
             Began as a Minotaur Fighter on Jan 23, 2022.
             Was a Priest of Ru.
             Shot with an arrow by a centaur (7 damage)
             ... on level 8 of the Dungeon on Jan 24, 2022.
             The game lasted 00:18:35 (7225 turns).

Destapler the Shield-Bearer (Minotaur Fighter)      Turns: 7225, Time: 00:18:38

HP:   -6/76 (79)    AC: 10    Str: 25    XL:     9   Next: 26%
MP:   10/10         EV: 12    Int:  5    God:    Ru [***...]
Gold: 281           SH:  5    Dex: 10    Spells: 8/8 levels left

rFire   . . .      SeeInvis .   a - +2 dagger (venom)
rCold   . . .      Faith    .   c - +0 buckler
rNeg    . . .      Spirit   .   r - +0 steam dragon scales
rPois   .          Reflect  .   (helmet restricted)
rElec   .          Harm     .   d - +0 cloak
rCorr   .          Rampage  .   j - +0 pair of gloves
Will    .....                   A - +0 pair of boots
Stlth   ++........              y - amulet of regeneration
HPRegen 1.02/turn               (no ring)
MPRegen 0.12/turn               (no ring)

@: hasted, lightly drained, very quick
A: horns 2, hated by all, no poison magic, no translocations magic, no
transmutations magic, retaliatory headbutt
a: Renounce Religion, Draw Out Power


You were on level 8 of the Dungeon.
You worshipped Ru.
Ru was most pleased with you.
You visited 2 branches of the dungeon, and saw 9 of its levels.

You collected 347 gold pieces.
You spent 66 gold pieces at shops.

Inventory:

Hand Weapons
 a - a +2 dagger of venom (weapon)
 n - a +2 whip of venom
Missiles
 e - 266 stones (quivered)
Armour
 b - a scarf of resistance
 c - a +0 buckler (worn)
 d - a +0 cloak (worn)
 j - a +0 pair of gloves (worn)
 o - an orb of light
 r - +0 steam dragon scales (worn)
 A - a +0 pair of boots (worn)
Jewellery
 y - an amulet of regeneration (around neck)
Wands
 v - a wand of flame (39)
 x - a wand of iceblast (9)
Scrolls
 f - a scroll of enchant armour
 i - 2 scrolls of enchant weapon
 q - 2 scrolls of fear
 s - a scroll of blinking
 t - a scroll of amnesia
 z - a scroll of brand weapon
 B - a scroll of teleportation
Potions
 g - a potion of attraction {unknown}
 m - a potion of degeneration {unknown}
 p - a potion of invisibility {unknown}
 w - 2 potions of flight


   Skills:
 * Level 7.5 Fighting
 - Level 5.0 Long Blades
 + Level 2.7 Maces & Flails
 * Level 7.5 Armour
 + Level 3.9 Dodging
 + Level 3.2 Stealth
 * Level 7.5 Shields
 + Level 3.6 Invocations


You had 8 spell levels left.
You didn't know any spells.
Your spell library contained the following spells:

 Spells                   Type           Power      Damage    Failure   Level
 Shock                    Conj/Air       0%         1d3       54%         1
 Sublimation of Blood     Necr           0%         N/A       69%         2
 Conjure Flame            Conj/Fire      0%         6-21      89%         3
 Swiftness                Air            0%         N/A       89%         3
 Airstrike                Air            0%         N/A       100%        4
 Sticky Flame             Conj/Fire      0%         2d3       100%        4
 Wereblood                Tmut           Unusable   N/A       N/A         2
 Ignite Poison            Fire/Tmut/Pois Unusable   N/A       N/A         3
 Summon Hydra             Summ           Unusable   N/A       N/A         7

Dungeon Overview and Level Annotations

Branches:
Dungeon (8/15)             Temple (1/1) D:7
   Lair: D:8-11

Altars:
Elyvilon
Qazlal
Ru
Vehumet
Wu Jian

Shops:
D:3 *   D:5 ((*   D:6 =[(

Portals:
Bailey: D:8

Annotations:
D:8 3 runed translucent doors, Grum


Innate Abilities, Weirdness & Mutations

You have a pair of horns on your head.
You are hated by all.
You cannot study or cast Poison magic.
You cannot study or cast Translocations magic.
You cannot study or cast Transmutations magic.
You reflexively headbutt those who attack you in melee.


Message History

An orc comes into view. It is wielding a +0 hand axe.
An orc warrior comes into view. It is wielding a +0 short sword.
The centaur shoots an arrow.
The arrow misses you.
It was a potion of curing.
You feel better.
You feel less invigorated.
The orc warrior shouts!
You hear a shout!
The orc priest casts a cantrip, but nothing happens.
The centaur shoots an arrow.
The arrow hits the wolf.
The wolf howls!
Found 5 poisoned darts.
A goblin comes into view.
Grum stops glowing.
A goblin comes into view.
The goblin throws a boomerang.
You block the boomerang.
Found a falchion and 22 arrows.
A goblin comes into view.
Found a runed translucent gate.
The wolf closely misses you.
Found 39 gold pieces and an orange potion.
The orc priest invokes the aid of Beogh against you.
Beogh smites you!
* * * LOW HITPOINT WARNING * * *
You hear a shout!
The wolf barely misses you. You furiously retaliate!
You headbutt the wolf.
The centaur shoots an arrow.
You block the arrow.
Grum points his finger and grunts, "Attack!"
An orc comes into view. It is wielding a +0 dagger.
The centaur shoots an arrow.
The arrow hits you.
* * * LOW HITPOINT WARNING * * *
x2 You hit the orc warrior.
The orc warrior is poisoned.
The orc warrior is lightly wounded.
The wolf closely misses you. The wolf barely misses you.
The centaur shoots an arrow.
You block the arrow.
A goblin comes into view.
Found a flagged portal and an escape hatch in the floor.
The wolf bites you but does no damage.
The orc priest mumbles some strange prayers to Beogh against you.
Beogh smites you!
* * * LOW HITPOINT WARNING * * *
The centaur shoots an arrow.
The arrow hits you!
You die...

....... ##.....## >
#...Z...# ∩g≈.
###+++### gg≈.
#.....# ≈≈≈..
#.....#
.o.....##...#
o.......#hh..#
......o.o@h#.#
.......o#.##.#
.......o...h.#
.......z#c#h....)..
........#g##....(..
#......zz...>.....
#................#
#.................
###
###..zgc).........


You could see Grum, an orc warrior (very poisoned), 4 wolves, a centaur, 3
wights, an orc priest, 2 orcs, a howler monkey zombie and 3 goblins.

Vanquished Creatures
  Pikel (D:4)
  Sigmund (D:4)
  2 steam dragons
  A water moccasin (D:7)
  A sky beast (D:7)
  An ogre (D:5)
  A phantom (D:5)
  A bullfrog (D:7)
  2 gnoll sergeants (D:7)
  A wyvern zombie (D:5)
  A scorpion (D:5)
  A water moccasin zombie (D:5)
  A wight (D:8)
  2 bullfrog zombies
  A centaur zombie (D:5)
  2 jellies
  A bullfrog skeleton (D:7)
  An orc priest (D:5)
  Crazy Yiuf (D:2)
  A centaur skeleton (D:7)
  3 hounds
  3 orc wizards
  2 iguanas
  Natasha (twice) (D:2)
  A scorpion zombie (D:5)
  A mummy (D:5)
  A howler monkey skeleton (D:7)
  16 gnolls
  An adder (D:6)
  An ufetubus (D:5)
  An adder skeleton (D:5)
  A worm (D:3)
  2 dart slugs
  11 orcs
  5 endoplasms
  10 giant cockroaches
  9 goblins
  7 hobgoblins
  4 jackals (D:5)
  7 kobolds
  4 quokkas
  11 ball pythons
  4 bats (D:2)
  5 frilled lizards
  2 orc zombies (D:5)
  6 rats
144 creatures vanquished.

Vanquished Creatures (others)
  2 plants (D:3)
2 creatures vanquished.

Grand Total: 146 creatures vanquished

Notes
Turn   | Place    | Note
-------+----------+-------------------------------------------
     0 | D:1      | Destapler the Minotaur Fighter began the quest for the Orb.
     0 | D:1      | Reached XP level 1. HP: 19/19 MP: 0/0
   405 | D:1      | Reached XP level 2. HP: 27/27 MP: 1/1
   622 | D:1      | Found a faded altar of an unknown god.
   777 | D:1      | Prayed at the altar of an unknown god.
   777 | D:1      | Became a worshipper of Ru the Awakened
   789 | D:1      | Gained mutation: You cannot study or cast Poison magic. [Ru
                  | sacrifice]
   789 | D:1      | Gained mutation: You cannot study or cast Transmutations
                  | magic. [Ru sacrifice]
   789 | D:1      | Gained mutation: You cannot study or cast Translocations
                  | magic. [Ru sacrifice]
   789 | D:1      | Reached * piety under Ru
  1003 | D:2      | Reached XP level 3. HP: 26/33 MP: 2/2
  1149 | D:2      | Noticed Natasha
  1156 | D:2      | Killed Natasha
  1157 | D:2      | Reached skill level 1 in Invocations
  1159 | D:2      | Found a radiant altar of Vehumet.
  1159 | D:2      | Noticed Natasha
  1162 | D:2      | Reached skill level 1 in Dodging
  1173 | D:2      | Killed Natasha
  1174 | D:2      | Reached XP level 4. HP: 20/40 MP: 3/3
  1714 | D:2      | Found a runed translucent door.
  1715 | D:2      | Noticed Crazy Yiuf
  1720 | D:2      | Killed Crazy Yiuf
  1721 | D:2      | Reached skill level 1 in Stealth
  2076 | D:3      | Reached XP level 5. HP: 47/47 MP: 4/4
  2228 | D:3      | Noticed a steam dragon
  2243 | D:3      | Killed a steam dragon
  2244 | D:3      | Reached XP level 6. HP: 21/55 MP: 4/6
  2459 | D:3      | Found Wedghago's Assorted Antiques.
  2467 | D:3      | Bought a scroll labelled WEXTEEBAMUJ for 22 gold pieces
  2467 | D:3      | Bought a scroll labelled EJYBAJ MAHING for 22 gold pieces
  2467 | D:3      | Bought a scroll labelled BIMIET MYSOGA for 22 gold pieces
  2955 | D:4      | Reached skill level 5 in Armour
  3195 | D:4      | Reached skill level 5 in Shields
  3226 | D:4      | Noticed Pikel
  3256 | D:4      | Killed Pikel
  3257 | D:4      | Reached skill level 5 in Fighting
  3257 | D:4      | Reached XP level 7. HP: 35/62 MP: 7/7
  3455 | D:4      | Noticed Sigmund
  3556 | D:4      | Killed Sigmund
  3841 | D:4      | Found an ornate altar of the Wu Jian Council.
  3900 | D:5      | Entered Level 5 of the Dungeon
  3916 | D:5      | Found Xuirioth's Assorted Antiques.
  3925 | D:5      | Reached XP level 8. HP: 41/70 MP: 8/8
  4118 | D:5      | Found Heolimoi's Antique Weapon Shoppe.
  4202 | D:5      | Reached skill level 1 in Maces & Flails
  4286 | D:5      | Gained mutation: You are hated by all. [Ru sacrifice]
  4286 | D:5      | Reached ** piety under Ru
  4286 | D:5      | Reached *** piety under Ru
  4535 | D:5      | Found Ockub's Weapon Emporium.
  5159 | D:6      | Found Wupse's Weapon Boutique.
  5373 | D:6      | Found Jiyridwu's Armour Boutique.
  5760 | D:6      | Reached skill level 5 in Long Blades
  5775 | D:6      | Found Famat's Jewellery Emporium.
  6135 | D:7      | Found a staircase to the Ecumenical Temple.
  6136 | D:7      | Found a stormy altar of Qazlal.
  6136 | D:7      | Found a white marble altar of Elyvilon.
  6183 | D:7      | Reached XP level 9. HP: 66/79 MP: 10/10
  6221 | Temple   | Entered the Ecumenical Temple
  7202 | D:8      | Noticed Grum
  7216 | D:8      | Found a runed translucent gate.
  7217 | D:8      | Found a runed translucent gate.
  7217 | D:8      | Found a runed translucent gate.
  7225 | D:8      | Found a flagged portal.
  7225 | D:8      | HP: 1/76 [orc priest/divine providence (10)]
  7225 | D:8      | Shot with an arrow by a centaur

Illustrated notes

Levels and vault maps discovered:
D:1:      eino_arrival_druids_welcome, layout_basic,
          ebering_ecumenical_altar_box
D:2:      layout_basic, basic_altar, grunt_ministairs_12, uniq_natasha,
          uniq_crazy_yiuf_cottage
D:3:      minmay_roachtagon, layout_basic, serial_shops, nicolae_lakefront_shop,
          minmay_misc_feat_enclosed, serial_bayou_pond_b
D:4:      layout_rooms, mainiacjoe_overflow_surrounded_room, uniq_pikel,
          uniq_sigmund
D:5:      layout_rooms, serial_shops, shop, nicolae_ossuary_entry_giza,
          nicolae_stop_n_shop_1, minmay_shop_grid_forest
D:6:      layout_gridville, serial_shops, nicolae_shop_stone,
          nicolae_shop_trees, nicolae_shop_bloodbath_and_beyond, nrook_campfire
D:7:      minmay_klotski, layout_cave_pools,
          chequers_temple_overflow_statue_of_worship, temple_statues,
          serial_column_ruins, column_ruins_hut, column_ruins_hut_water,
          column_ruins_grid_2, column_ruins_columns_corner, column_ruins_grid_3
D:8:      layout_rooms, nicolae_hepliaklqana_monster_ancestors, enter_bailey_5,
          gammafunk_ghost_necromancy, uniq_erica, uniq_grum
Temple:   minmay_temple_bridge_abc

Skill      XL: |  1  2  3  4  5  6  7  8 |
---------------+-------------------------+-----
Armour         | 4 5 6 7 |  7.5
Shields        | 4 5 6 7 |  7.5
Fighting       | 4 5 6 7 |  7.5
Invocations    | 1 2 3 |  3.6
Dodging        | 1 2 3 |  3.9
Long Blades    | 3 4 5 |  5.0
Stealth        | 1 2 3 |  3.2
Maces & Flails | 2 |  2.7

Action                   |  1- 3 |  4- 6 |  7- 9 || total
-------------------------+-------+-------+-------++-------
Melee: Long sword        |    12 |       |       ||    12
       Headbutt          |     9 |    25 |    60 ||    94
       Dagger            |    59 |   121 |   235 ||   415
Throw: Stone             |       |     1 |     2 ||     3
Invok: Sacrifice Arcana  |     1 |       |       ||     1
       Sacrifice Love    |       |       |     1 ||     1
  Use: Potion            |       |     2 |     3 ||     5
       Scroll            |       |     4 |     9 ||    13
 Stab: Sleeping          |       |     1 |     2 ||     3
       Distracted        |       |       |     1 ||     1
Armor: Scale mail        |    27 |    39 |       ||    66
       Steam dragon scal |       |    12 |    82 ||    94
Dodge: Dodged            |    22 |    28 |   168 ||   218
Block: Buckler           |    12 |    18 |    79 ||   109

Table legend: (Time is in decaauts)
 A = Elapsed time spent in this place.
 B = Non-inter-level travel time spent in this place.
 C = Inter-level travel time spent in this place.
 D = Time resting spent in this place.
 E = Time spent auto-exploring this place.
 F = Levels seen in this place.
 G = Mean time per level.
                   A        B        C        D        E       F      G
               +--------+--------+--------+--------+--------+-----+--------+
         Total |   7196 |   6847 |    349 |    360 |   5375 |   9 |  799.6 |
       Dungeon |   6896 |   6547 |    349 |     62 |   5375 |   8 |  862.0 |
        Temple |    299 |    299 |      0 |    298 |      0 |   1 |  299.0 |
               +--------+--------+--------+--------+--------+-----+--------+

Top non-repeatable levels by time:
     D:5: 1249 daAuts
     D:3: 1060 daAuts
     D:2: 1004 daAuts
     D:6: 921 daAuts
     D:4: 920 daAuts
     D:1: 910 daAuts
     D:7: 792 daAuts
  Temple: 299 daAuts
     D:8: 36 daAuts
